Unix NetHack Version 5.0.0-0 post-release - last build Jul 19 2026 19:10:59 (3aa4ab31751d3886436d94b585a96704892fd477,branch:main).

Game began 2026-07-22 00:01:17, ended 2026-07-22 00:10:51.

Jinnora, neutral female human Wizard

                                                            -----
                                                        #?)#|...|
                                                           )|....#
                                                         ##*....|
                                                            | O.|
                                                            |.@.|
                                                            -----

Jinnora the Conjurer      St:11 Dx:16 Co:13 In:18 Wi:8 Ch:11  Neutral
Dlvl:5  $:60 HP:0(25) Pw:30(31) AC:9  Xp:4/114 T:1558 

Latest messages:
 You crawl to the edge of the pit.
 You descend the stairs.
 The gnome throws a dagger!
 You are hit by a dagger.
 You see here a dagger.
 The gnome throws a dagger!
 You are hit by a dagger.
 You climb up the stairs.
 The kitten drops a dagger.
 The kitten picks up a dagger.
 You swap places with your kitten.
 The kitten drops a dagger.
 You climb up the stairs.
 You swap places with your kitten.
 You kill the gecko!
 You see here 61 rocks.
 You swap places with your kitten.
 You see here a statue of a green mold.
 In what direction? 8
 The statue shatters.
 You see here 60 rocks.
 You descend the stairs.
 You feel strong!
 You must have been exercising diligently.
 You hit merpish's ghost.
 Merpish's ghost wakes up!
 Merpish's ghost touches you!
 You swap places with your kitten.
 You swap places with your kitten.
 You already found a monster.  Use 'm' prefix to force another search.
 The ogre picks up a green gem.
 The ogre picks up a leather hat.
 Merpish's ghost touches you!
 The ogre picks up a leather hat.
 You stop.  Your kitten is in the way!
 Merpish's ghost touches you!
 You already found a monster.  Use 'm' prefix to force another search.
 You miss merpish's ghost.
 The ogre zaps an aluminum wand!
 The sleep ray hits merpish's ghost.
 The sleep ray hits you!
 The sleep ray bounces!
 The ogre zaps a jeweled wand!
 The wand hits the kitten!
 The kitten is killed!
 Boing!
 The ogre thrusts his unicorn horn.
 The ogre hits!
 You die...
 Do you want your possessions identified? [ynq] (y) q

Inventory:
 Coins    ('$')
  $ - 60 gold pieces
 Weapons  (')')
  w - 12 uncursed +0 darts
  x - 10 uncursed +0 daggers
  a - a blessed +1 quarterstaff (weapon in hands)
 Armor    ('[')
  b - an uncursed +0 cloak of magic resistance (being worn)
 Comestibles  ('%')
  v - an uncursed food ration
  z - 2 uncursed tripe rations
 Scrolls  ('?')
  i - 2 uncursed scrolls of identify
  j - an uncursed scroll of remove curse
 Spellbooks  ('+')
  p - an uncursed spellbook of finger of death
  k - a blessed spellbook of force bolt
  l - an uncursed spellbook of sleep
 Potions  ('!')
  f - a blessed potion of gain level
  q - an uncursed potion of gain level
  h - an uncursed potion of sleeping
  g - an uncursed potion of water
 Rings    ('=')
  d - an uncursed ring of polymorph
  e - an uncursed ring of warning
 Wands    ('/')
  c - an uncursed wand of cancellation (0:6)
  u - an uncursed wand of digging (0:7)
  n - an uncursed wand of digging (0:5)
  A - an uncursed wand of speed monster (0:6)
 Tools    ('(')
  r - a blessed magic lamp (lit)
  m - an uncursed magic marker (0:22)
 Gems/Stones  ('*')
  t - an uncursed jasper stone
  o - an uncursed worthless piece of green glass
  y - an uncursed worthless piece of red glass

Jinnora the Wizard's attributes:

Background:
 You were a Conjurer, a level 4 female human Wizard.
 You were neutral, on a mission for Thoth
 who was opposed by Ptah (lawful) and Anhur (chaotic).
 You were right-handed.
 You were in the Dungeons of Doom, on level 5.
 You entered the dungeon 1558 turns ago.
 It was the midnight hour.
 You had 114 experience points, 46 more were needed to attain level 5.

Basics:
 You had 0 out of 25 hit points.
 You had 30 out of 31 energy points (spell power).
 Your armor class was 9.
 Your wallet contained 60 zorkmids.
 Autopickup was off.

Final Characteristics:
 Your strength was 11 (limit:18/100).
 Your dexterity was 16 (limit:18).
 Your constitution was 13 (limit:18).
 Your intelligence was 18 (limit:18).
 Your wisdom was 8 (limit:18).
 Your charisma was 11 (limit:18).

Final Status:
 You weren't hungry.
 You were unencumbered.
 You were wielding a quarterstaff.
 You had basic skill with quarterstaff.

Final Attributes:
 You were devoutly aligned.
 You were magic-protected.
 You were warded.
 You are dead.

Miscellaneous:
 You encountered 1 bones level.
 Total elapsed playing time was 9 minutes and 33 seconds.

Major events:
 Turn
    1: Jinnora the neutral female human Wizard entered the dungeon
 1063: entered the Gnomish Mines
 1310: attained the rank of Conjurer (level 3)
 1558: killed by an ogre, while sleeping

Spells:
 Name                 Level Category     Fail Retention
 force bolt             1   attack         0%  91%-100%
 sleep                  3   enchantment    0%  91%-100%

Skills:
 Fighting Skills
   bare handed combat [Unskilled]
   riding             [Unskilled]
 Weapon Skills
   dagger             [Unskilled]
   knife              [Unskilled]
   axe                [Unskilled]
   short sword        [Unskilled]
   club               [Unskilled]
   mace               [Unskilled]
   quarterstaff       [Basic]
   polearms           [Unskilled]
   spear              [Unskilled]
   trident            [Unskilled]
   sling              [Unskilled]
   dart               [Unskilled]
   shuriken           [Unskilled]
 Spellcasting Skills
   attack spells      [Basic]
   healing spells     [Unskilled]
   divination spells  [Unskilled]
   enchantment spells [Basic]
   clerical spells    [Unskilled]
   escape spells      [Unskilled]
   matter spells      [Unskilled]

Voluntary challenges:
 Character rerolling was not enabled.
 You never genocided any monsters.
 You never polymorphed an object.
 You never changed form.
 You used no wishes.
Achievements:
 You entered a shop.
 You entered the Gnomish Mines.
 You attained the rank of Conjurer.

 The Dungeons of Doom: levels 1 to 5
    Level 1:
    Level 2:
       A food shop, a fountain.
    Level 3:
       A general store, a fountain.
    Level 4:
       Some fountains.
       Stairs down to The Gnomish Mines.
    Level 5: <- You were here.
       Final resting place for
          you, killed by an ogre, while sleeping,
          merpish-Val-Hum-Fem-Law, killed by an ogre, while sleeping.
 The Gnomish Mines: levels 5 to 6
    Level 5:
    Level 6:


Vanquished creatures:
  a gnome leader
  a kitten
  a dwarf
  a hobbit
  a large kobold
  3 giant rats
  6 gnomes
  a gecko
  a jackal
  a fox
  a kobold
  2 goblins
  a lichen
  a kobold zombie
  6 newts
28 creatures vanquished.

No species were genocided or became extinct.

Game over:
                       ----------
                      /          \
                     /    REST    \
                    /      IN      \
                   /     PEACE      \
                  /                  \
                  |     Jinnora      |
                  |      60 Au       |
                  |   killed by an   |
                  |       ogre       |
                  |                  |
                  |                  |
                  |       2026       |
                 *|     *  *  *      | *
        _________)/\\_//(\/(/\)/\//\/|_)_______

Goodbye Jinnora the Wizard...

You died in The Dungeons of Doom on dungeon level 5 with 770 points,
and 60 pieces of gold, after 1558 moves.
You were level 4 with a maximum of 25 hit points when you died.

